 Dungeon Crawl Stone Soup version 0.31-a0-940-gdaa99269f9 (webtiles) character file.

Game seed: 14896520197262985188

2 Azuregosa the Sneak (level 1, -13/16 HPs)
             Began as an Octopode Delver on Oct 20, 2023.
             Killed from afar by a bog mummy (14 damage)
             ... with a puff of frost
             ... in an ossuary.
             The game lasted 00:01:16 (102 turns).

Azuregosa the Sneak (Octopode Delver)                Turns: 102, Time: 00:01:18

Health: -13/16     AC:  1    Str: 11    XL:     1   Next: 30%
Magic:  1/1        EV: 13    Int: 12    God:
Gold:   0          SH:  0    Dex: 13    Spells: 0/0 levels left

rFire   . . .        h - staff of conjuration
rCold   . . .        (no shield)
rNeg    . . .        (helmet restricted)
rPois   .            (no amulet)
rElec   .            (no ring)
rCorr   .            (no ring)
SInv    .            (no ring)
Will    .....        (no ring)
Stlth   ++++         (no ring)
HPRegen 0.22/turn    (no ring)
MPRegen 0.07/turn    (no ring)
                     (no ring)

%: no passive effects
@: no status effects
A: almost no armour, amphibious, 8 rings, camouflage 1, gelatinous body 1,
(nimble swimmer 1), tentacles
a: no special abilities


You were in an ossuary.
You visited 1 branch of the dungeon, and saw 3 of its levels.
You also visited: Ossuary.

Inventory:

Hand Weapons
 a - a +0 mace
Missiles
 c - 4 large rocks
 g - 2 poisoned darts
Magical Staves
 h - a staff of conjuration (weapon)
Wands
 f - a wand of digging (3)
Scrolls
 b - a scroll of fog
 d - a scroll of fear
Potions
 e - a potion of haste


   Skills:
 - Level 3.0 Fighting
 - Level 2.0 Maces & Flails
 - Level 2.0 Dodging
 + Level 6.7 Stealth


You couldn't memorise any spells.
You didn't know any spells.
Your spell library was empty.

Dungeon Overview and Level Annotations

Branches:
Dungeon (6/15)            Ossuary (1/1)
 Temple: D:4-7

Altars:


Innate Abilities, Weirdness & Mutations

You cannot wear most types of armour.
You are amphibious.
You can wear up to eight rings at the same time.
Your skin changes colour to match your surroundings (Stealth+).
Your rubbery body absorbs attacks. (AC +1, EV +1)
((You are camouflaged when in or above water. (Stealth+)))
You have tentacles for arms and can constrict up to eight enemies at once.


Message History

The endoplasm closely misses you.
You hit the endoplasm.
You kill the endoplasm!
Found a robe.
Found a curved smoking staff.
You see here a staff of conjuration.
h - a staff of conjuration
h - a staff of conjuration (weapon)
You open the door.
Found a sand-covered staircase.
There is an open door here.
There is a sand-covered staircase here.
The world spins around you as you enter the gateway.
You enter an ossuary!
Found a gate leading back out of this place.
There is an empty arch of ancient stone here.
You open the door.
A bog mummy comes into view.
There is an open door here.
You enter the shallow water.
A bog mummy comes into view.
You hit the bog mummy but do no damage. You grab the bog mummy.
You constrict the bog mummy, but do no damage.
You hit the bog mummy but do no damage. You constrict the bog mummy.
The bog mummy barely misses you.
You barely miss the bog mummy.
The bog mummy is lightly damaged.
You constrict the bog mummy. The bog mummy hits you!
Ouch! That really hurt!
* * * LOW HITPOINT WARNING * * *
You hit the bog mummy.
The bog mummy is moderately damaged.
You constrict the bog mummy, but do no damage.
You hit the bog mummy but do no damage.
The bog mummy is moderately damaged.
You constrict the bog mummy. The bog mummy casts a spell at you.
The puff of frost hits you!
Ouch! That really hurt!
You die...

~#≈ ≈≈ ~..#≈
#####~~#~ #≈
#∩..#M~P#≈≈
#.∩.#.~~~#
#...#~.P
+##+##'##.###
...~.~..~@M~.#
~~~#+#~#+#.~#~≈#
P~. .~# ~≈~~#
##~# ≈≈#≈≈ ≈# #
≈#≈ ≈ #≈≈≈ ≈ ##


You could see 2 bog mummies.

Vanquished Creatures
  An endoplasm (D:4)
  A kobold (D:4)
2 creatures vanquished.

Notes
Turn   | Place    | Note
-------+----------+-------------------------------------------
     0 | D:5      | Azuregosa the Octopode Delver began the quest for the Orb.
     0 | D:5      | Reached XP level 1. HP: 16/16 MP: 1/1
     2 | D:6      | Noticed an ogre
    85 | D:4      | Found a sand-covered staircase.
    91 | Ossuary  | Entered an ossuary
    95 | Ossuary  | Noticed a bog mummy
    97 | Ossuary  | Noticed a bog mummy
   102 | Ossuary  | Killed from afar by a bog mummy

Illustrated notes

Levels and vault maps discovered:
D:4:      nicolae_BIG_FREAKIN_CUBE, layout_loops_cross,
          minmay_temple_entry_mist, gammafunk_ghost_nasty_kobolds,
          nicolae_ossuary_entry_plus, uniq_grinder
D:5:      layout_loops_ring
D:6:      layout_cave_pools, mainiacjoe_overflow_surrounded_room, serial_shops,
          nicolae_shop_window_shopping
Ossuary:  ossuary_zaba_flooded

Action                     || total
---------------------------++-------
  Melee: Staff             ||     5
         Mace              ||     2
         Constrict         ||     1
         Tentacles         ||     1
    Use: Scroll            ||     1
 Armour: Skin              ||     2
  Dodge: Dodged            ||     2

Table legend: (Time is in decaauts)
 A = Elapsed time spent in this place.
 B = Non-inter-level travel time spent in this place.
 C = Inter-level travel time spent in this place.
 D = Time resting spent in this place.
 E = Time spent auto-exploring this place.
 F = Levels seen in this place.
 G = Mean time per level.
                   A        B        C        D        E       F      G
               +--------+--------+--------+--------+--------+-----+--------+
         Total |    102 |    102 |      0 |      0 |     22 |   4 |   25.5 |
       Dungeon |     91 |     91 |      0 |      0 |     22 |   3 |   30.3 |
       Ossuary |     11 |     11 |      0 |      0 |      0 |   1 |   11.0 |
               +--------+--------+--------+--------+--------+-----+--------+

Top non-repeatable levels by time:
     D:4: 46 daAuts
     D:5: 42 daAuts
 Ossuary: 11 daAuts
     D:6: 1 daAuts
